AoeStats
← Food, please

Arena

507734928Analyzed
2v2 RM · 12d ago on Sep 19, 2026· 41m 36s· 4 players
Game mode
Random Map
Map size
Medium (4 player)
Population
200
Speed
Normal
Resources
Standard
Victory
Conquest
Starting age
Dark Age
Ending age
Imperial Age
RankedLock teamsTeams togetherTeam positionsShared explorationLock speedFull tech treeHidden civsTurbo modeCheats
Victory
Defeat
🇮🇶 Burgundians · Iraq
1320
+16
🇹🇷 Chinese · Türkiye
1280
+18
🇦🇷 Vietnamese · Argentina
1347
-18
🇦🇷 Italians · Argentina
1294
-16
Food, please
4:42 Loom
11:10 Feudal Age
15:02 Castle Age
13:05 Horse Collar
16:20 Double-Bit Axe
17:26 Bow Saw
19:41 Wheelbarrow
19:13 Heavy Plow
23:34 Squires
23:46 Scale Barding Armor
23:51 Forging
24:34 Crop Rotation
24:15 Husbandry
23:44 Cavalier
26:07 Two-Man Saw
25:58 Hand Cart
26:35 Iron Casting
26:20 Chain Barding Armor
27:35 Chain Barding Armor
32:34 Imperial Age
32:52 Gold Mining
32:55 Paladin
34:43 Blast Furnace
35:57 Plate Barding Armor
37:45 Elite Coustillier
40:14 Gold Shaft Mining
1996
10:34 Feudal Age
14:56 Castle Age
13:24 Double-Bit Axe
13:47 Horse Collar
15:46 Bow Saw
16:28 Heavy Plow
19:31 Gold Mining
20:09 Fletching
21:57 Padded Archer Armor
27:00 Wheelbarrow
28:00 Gold Shaft Mining
27:15 Stone Mining
27:50 Ballistics
27:40 Town Watch
27:40 Loom
29:45 Hand Cart
33:35 Imperial Age
31:53 Bodkin Arrow
32:13 Leather Archer Armor
32:11 Masonry
33:37 Elite Chu Ko Nu
35:41 Conscription
36:34 Chemistry
35:23 Arrowslits
38:24 Two-Man Saw
38:46 Bracer
41:10 Ring Archer Armor
ZY_Heizerd
10:09 Feudal Age
13:54 Castle Age
14:03 Fletching
16:30 Loom
20:01 Horse Collar
21:30 Crossbowman
22:38 Double-Bit Axe
24:11 Wheelbarrow
23:46 Bodkin Arrow
25:19 Padded Archer Armor
26:11 Bow Saw
26:40 Ballistics
26:12 Treadmill Crane
26:57 Stone Mining
29:46 Leather Archer Armor
29:47 Masonry
30:03 Masonry
29:35 Treadmill Crane
34:20 Imperial Age
31:59 Gold Mining
32:46 Stone Shaft Mining
33:58 Thumb Ring
35:01 Hand Cart
35:58 Bracer
36:29 Ring Archer Armor
39:00 Elite Skirmisher
40:12 Conscription
40:22 Conscription
39:28 Elite Genoese Crossbowman
41:35 Chemistry
| CZK | - Diego -
10:32 Feudal Age
14:24 Castle Age
12:12 Double-Bit Axe
15:32 Bow Saw
15:16 Horse Collar
18:19 Scale Mail Armor
20:06 Chain Mail Armor
20:26 Arson
23:40 Wheelbarrow
22:51 Loom
25:31 Forging
27:51 Hand Cart
31:38 Imperial Age
30:42 Squires
31:58 Heavy Plow
32:14 Fletching
34:46 Chemistry
34:51 Elite Skirmisher
35:56 Bodkin Arrow
36:02 Padded Archer Armor
Connection lost

Rejoining the realm…

Still unreachable

The connection could not be restored.

Session expired

The server has moved on; the page needs a fresh start.